Map: [ESL] Gresvan

Players

Bunny

  • Race: Terran Terran
  • Spawn Location: 5:00

Classic - Winner!

  • Race: Protoss Protoss
  • Spawn Location: 11:00

VOD

Have the link to the VOD?

Description

Time

  • Played on: July 4, 2023, 5:44 a.m.
  • Length: 11:39
Show
View Real Time Build Order
Export as new Build Order

Bunny Terran 

Build Orders: Reaper Expand 

Get SALT Encoding   

  12  0:00  SCV  
  13  0:12  SCV  
  14  0:17  Supply Depot  
  14  0:24  SCV  
  15  0:38  SCV  
  15  0:40  Barracks  
  16  0:42  Refinery  
  16  0:51  SCV  
  17  1:03  SCV  
  18  1:15  SCV  
  19  1:27  Orbital Command, Reaper  
  20  1:40  Command Center  
  20  1:49  Supply Depot  
  20  1:53  SCV  
  21  1:58  Marine  
  22  2:05  SCV  
  22  2:07  Factory  
  23  2:14  Refinery  
  23  2:18  SCV, Bunker  
  23  2:21  Barracks Reactor  
  24  2:30  SCV  
  25  2:43  SCV  
  28  2:51  Orbital Command, Widow Mine  
  28  2:53  Starport  
  28  2:55  SCV  
  28  2:57  Marine x2  
  31  3:07  SCV  
  32  3:13  Widow Mine  
  32  3:15  Marine x2  
  32  3:18  SCV  
  32  3:19  SCV  
  37  3:32  Medivac  
  37  3:33  Marine x2  
  40  3:34  Widow Mine  
  40  3:39  Armory  
  40  3:40  SCV  
  43  3:51  Marine x2  
  45  3:56  SCV  
  45  3:58  Factory Tech Lab, Supply Depot  
  45  4:02  Starport Tech Lab  
  46  4:03  Supply Depot  
  46  4:09  Barracks  
  46  4:19  Marine x2  
  46  4:20  SCV x2, Siege Tank  
  46  4:23  Refinery, Supply Depot  
  53  4:32  SCV x2  
  53  4:37  Marine x2  
  57  4:43  Barracks  
  55  4:49  SCV x2  
  55  4:51  Starport Reactor  
  57  4:56  Supply Depot  
  57  4:57  Engineering Bay  
  57  5:01  SCV x2  
  57  5:03  Marine x2  
  57  5:04  Stimpack, Marine  
  57  5:05  Factory Reactor  
  62  5:14  SCV x2  
  64  5:19  Refinery  
  64  5:20  Supply Depot  
  64  5:21  Marine x2  
  66  5:23  Marauder, Terran Infantry Weapons Level 1  
  66  5:26  SCV x2  
  66  5:27  Medivac  
  72  5:30  Medivac  
  74  5:38  SCV x2, Marauder  
  74  5:42  Marine  
  79  5:44  Marauder  
  79  5:47  Combat Shield  
  75  5:56  Supply Depot  
  75  6:01  Medivac  
  75  6:02  Command Center  
  77  6:07  Marauder  
  77  6:08  Marauder, Marine x2  
  83  6:16  Medivac, Supply Depot  
  85  6:19  Widow Mine  
  85  6:20  Widow Mine, Supply Depot  
  85  6:24  SCV  
  90  6:26  SCV  
  90  6:31  Missile Turret  
  91  6:33  Marauder  
  91  6:38  Marauder  
  95  6:40  Widow Mine  
  95  6:41  Widow Mine  
  95  6:44  Concussive Shells  
  99  6:47  Medivac  
  99  6:51  Medivac  
  93  6:54  SCV x2  
  95  7:02  Barracks, Widow Mine  
  95  7:03  Barracks, Widow Mine  
  95  7:04  Marauder  
  101  7:09  Marauder  
  101  7:10  Marine x2  
  105  7:17  SCV x2  
  107  7:23  Ghost Academy, Widow Mine  
  107  7:24  Supply Depot, Widow Mine  
  107  7:25  Terran Infantry Armor Level 1  
  107  7:29  Medivac  
  113  7:31  SCV x2  
  115  7:39  Marauder  
  115  7:40  Marauder  
  108  7:44  Marine x2  
  108  7:49  Widow Mine x2  
  108  7:50  Orbital Command  
  108  7:51  Barracks Tech Lab, Barracks Reactor  
  106  8:02  Ghost  
  106  8:05  Marine x2  
  109  8:08  SCV x2  
  109  8:09  Ghost  
  113  8:23  Ghost  
  115  8:28  Marine x2  
  115  8:31  Orbital Command  
  115  8:32  Widow Mine x2  
  115  8:33  Marauder  
  115  8:34  Marine x2  
  120  8:38  Marauder  
  124  8:45  Marine  
  124  8:46  SCV x2, Marine  
  128  8:52  Marauder, Marine x2  
  132  8:58  Supply Depot  
  132  9:01  Marauder x2, Widow Mine x2  
  140  9:03  Marine  
  140  9:09  Supply Depot  
  141  9:17  Marauder, Viking, Marine x3  
  141  9:21  Ghost  
  134  9:30  Marauder, Marine  
  133  9:35  Marine x2  
  133  9:38  Marine  
  134  9:39  Marauder  
  134  9:43  Viking  
  118  9:47  Viking  
  118  9:48  Marine  
  118  9:51  Marauder  
  118  9:52  Marauder, Marine x2  
  115  9:54  Widow Mine  
  108  10:01  Marauder  
  108  10:08  Marine x2  
  108  10:11  SCV x2  
  108  10:12  SCV, Marauder  
  117  10:17  Medivac x2  
  119  10:25  Marauder x2  
  119  10:26  Marine  
  120  10:32  Marine x3  
  120  10:34  Marauder  
  119  10:44  Marine  
  119  10:46  Marauder  
  119  10:47  Viking  
  124  10:50  Marauder  
  124  10:51  Marine  
  124  10:52  Marine x2  
  124  10:55  Marauder  
  107  11:07  Ghost, Marine  
  107  11:09  Marine x2  
  105  11:16  Marine  
  105  11:17  Marine  
  105  11:18  Marauder  
Show
View Real Time Build Order
Export as new Build Order

Classic Protoss - Winner!

Build Orders: 1 Gate Expand, Blink Stalkers 

Get SALT Encoding   

  12  0:00  Probe  
  13  0:12  Probe  
  14  0:17  Pylon  
  14  0:24  Probe (Chrono Boost)  
  15  0:36  Gateway, Probe (Chrono Boost)  
  16  0:45  Probe (Chrono Boost), Assimilator  
  17  0:50  Probe  
  18  1:03  Probe  
  19  1:15  Probe  
  20  1:23  Cybernetics Core  
  20  1:32  Nexus  
  20  1:40  Pylon  
  20  1:43  Probe  
  21  1:49  Assimilator  
  21  1:55  Probe  
  21  1:56  Adept (Chrono Boost)  
  21  2:00  Warp Gate  
  24  2:07  Probe  
  25  2:16  Adept (Chrono Boost)  
  25  2:19  Probe  
  28  2:24  Twilight Council  
  28  2:31  Probe  
  29  2:38  Stalker  
  32  2:44  Probe (Chrono Boost)  
  32  2:49  Probe (Chrono Boost)  
  33  2:54  Probe (Chrono Boost)  
  33  2:57  Probe (Chrono Boost)  
  33  2:58  Blink (Chrono Boost)  
  35  2:59  Probe (Chrono Boost)  
  36  3:08  Probe  
  36  3:10  Probe  
  36  3:11  Gateway  
  38  3:20  Probe  
  38  3:29  Probe  
  38  3:32  Probe, Gateway  
  39  3:39  Robotics Facility  
  39  3:42  Pylon  
  39  3:44  Probe (Chrono Boost)  
  39  3:45  Probe (Chrono Boost)  
  43  3:55  Probe (Chrono Boost)  
  43  3:56  Probe (Chrono Boost)  
  43  4:00  Probe x2 (Chrono Boost)  
  43  4:01  Assimilator  
  45  4:03  Assimilator  
  45  4:06  Stalker  
  45  4:08  Stalker  
  49  4:11  Probe x2  
  51  4:17  Pylon  
  51  4:23  Probe x2  
  53  4:28  Templar Archives  
  53  4:29  Observer  
  54  4:35  Probe x2  
  52  4:46  Psionic Storm  
  52  4:47  Probe x2  
  54  4:54  Observer  
  54  4:56  Nexus  
  56  5:00  Probe  
  56  5:02  Pylon  
  56  5:10  Probe  
  56  5:12  Probe  
  58  5:14  Charge  
  58  5:16  High Templar  
  60  5:23  Probe  
  60  5:24  Probe  
  60  5:26  Gateway  
  62  5:29  Gateway  
  62  5:31  High Templar  
  62  5:35  Gateway  
  64  5:40  Pylon  
  64  5:42  Observer  
  64  5:47  Probe x2  
  66  5:51  High Templar  
  66  5:54  Shield Battery  
  68  5:58  High Templar  
  68  5:59  Pylon  
  68  6:00  Shield Battery, Pylon  
  68  6:03  Probe (Chrono Boost)  
  72  6:04  Probe (Chrono Boost)  
  72  6:08  Probe (Chrono Boost)  
  73  6:13  Stalker  
  73  6:16  Probe (Chrono Boost)  
  73  6:17  Probe (Chrono Boost)  
  78  6:18  Probe (Chrono Boost)  
  78  6:20  Stalker  
  78  6:23  Stalker  
  78  6:25  Stalker  
  84  6:29  Stalker  
  86  6:33  Observer  
  86  6:35  Gateway  
  86  6:37  Pylon  
  86  6:41  Zealot x2  
  90  6:47  Forge  
  90  6:51  Observer, Pylon  
  90  6:52  Zealot x4  
  98  6:55  Warp Prism (Chrono Boost)  
  98  6:57  Observer  
  98  6:59  Probe  
  98  7:00  Probe  
  102  7:02  Probe  
  102  7:07  Pylon  
  103  7:11  Probe  
  103  7:12  Probe  
  103  7:14  Probe  
  103  7:15  High Templar x2  
  110  7:18  Pylon  
  110  7:21  Zealot x2  
  110  7:22  Zealot x2  
  117  7:24  Assimilator  
  117  7:26  Protoss Ground Weapons Level 1 (Chrono Boost), Assimilator  
  115  7:45  Zealot x5  
  115  7:48  Zealot x2  
  127  7:55  Robotics Facility  
  127  7:56  Robotics Bay  
  127  7:58  Pylon  
  127  7:59  Probe x3  
  127  8:03  Pylon  
  130  8:10  High Templar x2  
  130  8:11  Zealot x3  
  140  8:14  Archon  
  140  8:17  Zealot  
  140  8:18  Zealot  
  144  8:20  Pylon  
  144  8:22  Observer  
  144  8:23  Pylon  
  142  8:36  Nexus  
  142  8:40  Observer  
  140  8:42  Colossus x2 (Chrono Boost)  
  140  8:46  Extended Thermal Lance  
  150  8:50  Forge  
  150  8:56  High Templar x2  
  150  8:57  Photon Cannon  
  150  8:59  Pylon  
  152  9:04  Probe x3  
  155  9:20  Stalker x5  
  161  9:27  Colossus x2 (Chrono Boost)  
  162  9:33  Zealot x2  
  164  9:40  Archon  
  164  9:43  Zealot x2  
  164  9:44  Zealot x3  
  137  10:06  Probe x4  
  138  10:08  Pylon  
  138  10:11  Observer (Chrono Boost)  
  139  10:17  Stalker x7  
  153  10:22  Colossus (Chrono Boost)  
  153  10:29  Colossus (Chrono Boost)  
  159  10:40  Probe x4  
  163  10:43  Zealot  
  163  10:48  Zealot x5  
  175  10:52  Assimilator  
  175  10:53  Zealot  
  159  11:12  Zealot x5  
  159  11:15  Zealot  
  159  11:16  Zealot  
Tags
 
Add a new tag
Caveats
  • Supply blocks, unpowered buildings, or Contaminate may cause inaccurate times.
  • Supply counts are checked every 10 seconds.